 Dungeon Crawl Stone Soup version 0.18.1-50-g88ac8fd (webtiles) character file.

113 varam the Sneak (level 4, -2/23 HPs)
             Began as a Spriggan Abyssal Knight on Oct 3, 2016.
             Was a Believer of Lugonu.
             Killed from afar by an orc wizard (15 damage)
             ... with a puff of flame
             ... on level 3 of the Dungeon.
             The game lasted 00:08:23 (3997 turns).

varam the Sneak (Spriggan Abyssal Knight)           Turns: 3997, Time: 00:08:23

Health: -2/23      AC:  2    Str:  8    XL:     4   Next: 65%
Magic:  6/6        EV: 18    Int: 13    God:    Lugonu [**....]
Gold:   66         SH:  0    Dex: 16    Spells: 0 memorised, 3 levels left

rFire  x . .     SeeInvis +     a - +1 short sword
rCold  + . .     Gourm    .     b - +0 robe
rNeg   . . .     Faith    .     (shield restricted)
rPois  .         Spirit   .     (helmet restricted)
rElec  .         Dismiss  .     (no cloak)
rCorr  .         Reflect  .     (gloves unavailable)
SustAt .         Harm     .     (boots unavailable)
MR     .....                    (no amulet)
Stlth  +++.......               (no ring)
                                r - ring of ice

@: very quick, not resistant to hostile enchantments, fairly stealthy
A: unfitting armour, see invisible, herbivore 3, speed 3, slow metabolism 2
a: Depart the Abyss, Bend Space, Renounce Religion


You were on level 3 of the Dungeon.
You worshipped Lugonu.
Lugonu was pleased with you.
You were very hungry.

You visited 1 branch of the dungeon, and saw 3 of its levels.
You visited the Abyss 1 time.

You collected 66 gold pieces.

Inventory:

Hand Weapons
 a - a +1 short sword (weapon)
 n - a +0 whip
Armour
 b - a +0 robe (worn)
Jewellery
 r - a ring of ice (left hand)
Scrolls
 d - a scroll of enchant armour {unknown}
 e - a scroll of blinking {unknown}
 f - a scroll of random uselessness {unknown}
 g - 2 scrolls of identify {unknown}
 h - 2 scrolls of remove curse {unknown}
 j - a scroll of recharging {unknown}
 k - a scroll of amnesia {unknown}
 o - a scroll of noise {unknown}
 p - a scroll of enchant weapon {unknown}
 q - a scroll of magic mapping {unknown}
 s - a scroll of fear {unknown}
Potions
 i - a potion of degeneration {unknown}
 l - a potion of cure mutation {unknown}
 m - 2 potions of curing {unknown}
 t - a potion of cancellation {unknown}
Comestibles
 c - a bread ration


   Skills:
 - Level 2.4 Fighting
 + Level 4.1 Short Blades
 - Level 3.5 Dodging
 + Level 4.7 Stealth
 - Level 1.7 Invocations


You had 3 spell levels left.
You didn't know any spells.

Dungeon Overview and Level Annotations

Branches:
Dungeon (3/15)

Altars:
The Shining One


Innate Abilities, Weirdness & Mutations

You are tiny and cannot use many weapons and most armour.
You have supernaturally acute eyesight.
You are a herbivore.
You cover ground extremely quickly.
You need consume almost no food.


Message History

The orc wizard hits you but does no damage.
You hit the orc wizard but do no damage.
The orc wizard is lightly wounded.
The orc wizard hits you with a dagger.
You hit the orc wizard.
The orc wizard is lightly wounded.
The orc wizard hits you with a dagger.
You hit the orc wizard.
The orc wizard is moderately wounded.
The orc wizard misses you.
You closely miss the orc wizard.
The orc wizard is moderately wounded.
The orc wizard points at you and mumbles some strange words.
The magic dart hits you!
You barely miss the orc wizard.
The orc wizard is moderately wounded.
The orc wizard points at you and mumbles some strange words.
The puff of flame hits you! The fire burns you terribly!
Ouch! That really hurt!
You die...

...###########
......$...ro@#
##.#######.###
...# #....#
#....# #...r#
.....# ...b...


You could see an orc wizard and a rat.

Vanquished Creatures
  A gnoll (D:2)
  4 adders
  4 worms (D:2)
  A dart slug (D:1)
  A giant gecko (D:2)
  3 orcs (D:3)
  2 giant cockroaches (D:2)
  5 goblins
  8 hobgoblins
  2 jackals (D:2)
  3 kobolds
  3 ball pythons
  8 bats
  2 giant newts
  5 rats
52 creatures vanquished.

Notes
Turn   | Place    | Note
--------------------------------------------------------------
     0 | Abyss:1  | varam the Spriggan Abyssal Knight began the quest for the Orb.
     0 | Abyss:1  | Reached XP level 1. HP: 11/11 MP: 3/3
    28 | Abyss:1  | Noticed a small abomination
    43 | Abyss:1  | Noticed a chaos spawn
    57 | Abyss:1  | Noticed an ancient zyme
    58 | Abyss:1  | Noticed a large abomination
    61 | Abyss:1  | Noticed a ynoxinul
    75 | D:1      | Escaped the Abyss
   168 | D:1      | Reached skill level 1 in Stealth
   439 | D:1      | Reached XP level 2. HP: 14/16 MP: 4/4
   441 | D:1      | Reached * piety under Lugonu
   989 | D:2      | Reached XP level 3. HP: 19/19 MP: 5/5
  1121 | D:2      | Found a glowing golden altar of the Shining One.
  1767 | D:3      | Noticed a sky beast
  2838 | D:2      | Reached XP level 4. HP: 19/23 MP: 6/6
  2979 | D:2      | Reached ** piety under Lugonu
  3997 | D:3      | Killed from afar by an orc wizard

Skill      XL: |  1  2  3  4 |
---------------+-------------+-----
Stealth        | 1 2 4 |  4.7
Short Blades   | 3 4 |  4.1
Fighting       | |  2.4
Dodging        | |  3.5
Invocations    | |  1.7

Action                   |  1- 3 |  4- 6 || total
-------------------------+-------+-------++-------
Melee: Short sword       |   122 |    66 ||   188
Invok: Depart the Abyss  |     1 |       ||     1
 Stab: Sleeping          |     9 |     1 ||    10
Armor: Robe              |     9 |     5 ||    14
Dodge: Dodged            |    95 |    39 ||   134
